 Dungeon Crawl Stone Soup version 0.31-a0-236-g9a0961fb85 (webtiles) character file.

Game seed: 4646756594231060002

381 qw the Shooter (level 6, -9/37 HPs)
             Began as a Gargoyle Hexslinger on July 10, 2023.
             Mangled by Duvessa
             ... wielding a +0 rapier
              (14 damage)
             ... on level 5 of the Dungeon.
             The game lasted 00:01:37 (3688 turns).

qw the Shooter (Gargoyle Hexslinger)                Turns: 3688, Time: 00:01:38

Health: -9/37      AC: 15    Str: 17    XL:     6   Next: 75%
Magic:  7/7        EV: 11    Int: 14    God:
Gold:   222        SH:  0    Dex: 14    Spells: 6/7 levels left

rFire   . . .        Y - +1 sling
rCold   . . .        (no shield)
rNeg    + . .        a - +0 ring mail
rPois   inf          (no helmet)
rElec   +            f - +1 cloak
rCorr   .            (no gloves)
SInv    .            (no boots)
Will    .....        l - amulet of regeneration
Stlth   +            i - +6 ring of strength
HPRegen 1.06/turn    k - +4 ring of protection
MPRegen 0.10/turn

%: no passive effects
@: no status effects
A: sickness immunity, AC +4, negative energy resistance 1, electricity
resistance, torment resistance 1, petrification resistance
a: no special abilities


You were on level 5 of the Dungeon.
You visited 1 branch of the dungeon, and saw 5 of its levels.

You collected 222 gold pieces.


Innate Abilities, Weirdness & Mutations

You are immune to sickness and miasma.
Your stone body is resilient. (AC +4)
You are immune to poison.
You resist negative energy. (rN+)
You are resistant to electric shocks. (rElec)
You are resistant to unholy torment.
You are immune to petrification.


   Skills:
 + Level 3.3 Fighting
 - Level 6.1 Ranged Weapons
 - Level 1.3 Armour
 - Level 1.5 Dodging
 - Level 1.0 Spellcasting
 - Level 2.6 Hexes


You had 6 spell levels left.
You knew the following spells:

 Your Spells              Type           Power      Damage    Failure   Level
a - Slow                  Hex            32%        N/A       16%         1

Your spell library contained the following spells:

 Spells                   Type           Power      Damage    Failure   Level
 Inner Flame              Hex/Fire       4%         N/A       63%         3
 Portal Projectile        Hex/Tloc       8%         N/A       63%         3
 Cause Fear               Hex            4%         N/A       85%         4

Inventory:

Hand Weapons
 Y - a +1 sling (weapon)
Armour
 a - a +0 ring mail (worn)
 f - a +1 cloak (worn)
Jewellery
 i - a +6 ring of strength (left hand)
 k - a +4 ring of protection (right hand)
 l - an amulet of regeneration (around neck)
Scrolls
 j - a scroll of identify
Potions
 g - a potion of haste

Dungeon Overview and Level Annotations

Branches:
Dungeon (5/15)
 Temple: D:4-7

Altars:
Ashenzari
Cheibriados
Dithmenos
Elyvilon
Hepliaklqana
Qazlal
The Shining One

Annotations:
D:5 Dowan, Duvessa


Message History

Duvessa hits you but does no damage.
Dowan says, "Stay away from my face!"
Dowan casts a spell at you. The puff of flame hits you.
Duvessa barely misses you.
You shoot a sling bullet. The sling bullet barely misses Duvessa.
Duvessa hits you but does no damage. Dowan gestures at you while chanting.
You resist with some effort. Duvessa barely misses you.
Dowan hits you but does no damage.
You shoot a sling bullet. The sling bullet hits Duvessa.
Duvessa is heavily wounded.
Duvessa hits you with a +0 rapier. x2; Dowan closely misses you.
You shoot a sling bullet.
The sling bullet hits Duvessa but does no damage.
Duvessa is heavily wounded.
Duvessa closely misses you.
Dowan hits you with a +1 dagger of venom.
You shoot a sling bullet. The sling bullet barely misses Duvessa.
Duvessa hits you with a +0 rapier. Duvessa barely misses you.
Dowan hits you with a +1 dagger of venom.
You shoot a sling bullet. The sling bullet barely misses Duvessa.
Duvessa hits you with a +0 rapier.
Dowan says, "Stay away from my face!"
Dowan barely misses you. Duvessa hits you with a +0 rapier!
3685 ||| DRINKING potion of heal wounds.
You feel much better. Duvessa hits you with a +0 rapier!
Dowan barely misses you. Duvessa hits you with a +0 rapier!
You shoot a sling bullet. The sling bullet hits Duvessa.
Duvessa is heavily wounded.
Dowan hits you with a +1 dagger of venom.
Duvessa barely misses you.
You shoot a sling bullet. The sling bullet barely misses Duvessa.
Duvessa hits you with a +0 rapier. Dowan hits you but does no damage.
Duvessa hits you with a +0 rapier. Dowan completely misses you.
You shoot a sling bullet.
The sling bullet hits Duvessa but does no damage.
Duvessa is heavily wounded.
Duvessa barely misses you. Duvessa hits you with a +0 rapier!
You die...

.....#####.##....#
..............#.####
....#....#.####....##
......##.....#####..## #
.....(..###..######..# .#
......#..........###.###..##.
......#..........# #.........
......#..<.......####.###....
......#.........@e....# .
.....#########.#e###### .
....5. ....#.... #.## #.....
. ....... .........
..........


You could see Duvessa (fast, strong), Dowan and a white imp.

Vanquished Creatures
  A scorpion (D:4)
  An orc priest (D:4)
  An iguana (D:5)
  2 orc wizards (D:4)
  A mummy (D:3)
  4 gnolls (D:4)
  6 adders
  An ufetubus (D:4)
  A worm (D:4)
  A dart slug (D:4)
  11 orcs (D:4)
  2 bats
  5 endoplasms
  4 giant cockroaches
  7 hobgoblins
  4 jackals
  11 kobolds
  4 quokkas
  4 ball pythons
  9 frilled lizards
  8 goblins
  5 rats
93 creatures vanquished.

Notes
Turn   | Place    | Note
-------+----------+-------------------------------------------
     0 | D:1      | qw the Gargoyle Hexslinger began the quest for the Orb.
     0 | D:1      | Reached XP level 1. HP: 12/12 MP: 2/2
     0 | D:1      | 0 ||| qw: Version: 0.3-a-52-g30416fa
     0 | D:1      | 0 ||| qw: Game counter: 4882
     0 | D:1      | 0 ||| qw: Melee chars always use a shield: true
     0 | D:1      | 0 ||| qw: God list: Okawaru
     0 | D:1      | 0 ||| qw: Allow faded altars: false
     0 | D:1      | 0 ||| qw: Do Orc after clearing Dungeon:15 true
     0 | D:1      | 0 ||| qw: Do second Lair branch before Depths: true
     0 | D:1      | 0 ||| qw: Lair rune preference: random
     0 | D:1      | 0 ||| qw: Goals: Normal
     0 | D:1      | 0 ||| PLANNING D:1-11
   116 | D:1      | Reached XP level 2. HP: 16/16 MP: 3/3
   260 | D:1      | Reached skill level 3 in Ranged Weapons
   633 | D:1      | Reached XP level 3. HP: 21/21 MP: 4/4
   939 | D:1      | 939 ||| UPGRADING to +0 cloak.
   944 | D:1      | 944 ||| READING scroll labelled YGGEOMN EMORU.
   945 | D:1      | 945 ||| READING 3 scrolls labelled ZIFURGHUXIKK.
   946 | D:1      | 946 ||| READING scroll labelled KASHRI XILICK.
   947 | D:1      | 947 ||| READING 2 scrolls of identify.
   947 | D:1      | 947 ||| IDENTIFYING fuming yellow potion
   948 | D:1      | 948 ||| DROPPING scroll of poison.
  1303 | D:2      | 1303 ||| READING scroll of enchant armour.
  1303 | D:2      | 1303 ||| ENCHANTING +0 cloak.
  1411 | D:2      | Reached XP level 4. HP: 26/26 MP: 5/5
  1488 | D:2      | Reached skill level 4 in Ranged Weapons
  1682 | D:2      | 1682 ||| UPGRADING to +0 ring mail.
  1692 | D:2      | 1692 ||| DROPPING +0 robe.
  1693 | D:2      | 1693 ||| UPGRADING to +6 ring of strength.
  1694 | D:2      | 1694 ||| READING scroll labelled PORAAN IZYNG.
  1695 | D:2      | 1695 ||| READING 2 scrolls of identify.
  1695 | D:2      | 1695 ||| IDENTIFYING dark potion
  1726 | D:3      | Found a white marble altar of Elyvilon.
  1805 | D:3      | Found a glowing golden altar of the Shining One.
  1832 | D:3      | Reached skill level 1 in Armour
  2280 | D:3      | Found a hazy altar of Hepliaklqana.
  2357 | D:3      | Found a snail-covered altar of Cheibriados.
  2369 | D:3      | Reached XP level 5. HP: 10/30 MP: 6/6
  2448 | D:3      | 2448 ||| DROPPING scarf of harm.
  2449 | D:3      | 2449 ||| UPGRADING to amulet of guardian spirit.
  2454 | D:3      | 2454 ||| UPGRADING to +4 ring of protection.
  2455 | D:3      | 2455 ||| READING scroll labelled JADABU MUCS.
  2458 | D:3      | 2458 ||| READING scroll labelled TYAQO BIOD KA PAI.
  2459 | D:3      | 2459 ||| READING scroll labelled WOIQUSS BAISA.
  2460 | D:3      | 2460 ||| READING 2 scrolls of identify.
  2460 | D:3      | 2460 ||| IDENTIFYING red potion
  2524 | D:4      | 2524 ||| STAIRDANCE
  2558 | D:4      | Found a shadowy altar of Dithmenos.
  2642 | D:4      | Reached skill level 5 in Ranged Weapons
  2667 | D:4      | Reached XP level 6. HP: 24/36 MP: 4/7
  2840 | D:4      | HP: 5/36 [orc priest/divine providence (9)]
  2841 | D:4      | 2841 ||| DRINKING potion of heal wounds.
  2850 | D:4      | Reached skill level 3 in Fighting
  2859 | D:4      | HP: 8/37 [orc/+0 hand axe (5)]
  3239 | D:4      | Identified the +0 scale mail of the Watchman {rPois rF+
                  | Will+ rCorr}
  3277 | D:4      | 3277 ||| DRINKING 3 potions of curing.
  3277 | D:4      | 3277 ||| (to cure confusion)
  3304 | D:4      | 3304 ||| DRINKING 2 potions of curing.
  3304 | D:4      | 3304 ||| (to cure confusion)
  3305 | D:4      | 3305 ||| DRINKING potion of curing.
  3305 | D:4      | 3305 ||| (to cure confusion)
  3346 | D:4      | Found a stormy altar of Qazlal.
  3346 | D:4      | Found a broken altar of Ashenzari.
  3348 | D:4      | 3348 ||| Stepping ~*~*~tactically~*~*~ (outnumbered).
  3458 | D:4      | 3458 ||| UPGRADING to amulet of regeneration.
  3468 | D:4      | 3468 ||| DROPPING amulet of guardian spirit.
  3469 | D:4      | 3469 ||| READING scroll labelled ZAKKAOS QAIDO.
  3470 | D:4      | 3470 ||| DRINKING 2 sedimented amethyst potions.
  3574 | D:4      | 3574 ||| READING 2 scrolls of identify.
  3574 | D:4      | 3574 ||| IDENTIFYING glowing brown potion
  3575 | D:4      | 3575 ||| DROPPING potion of degeneration.
  3576 | D:4      | 3576 ||| DROPPING potion of berserk rage.
  3593 | D:5      | Entered Level 5 of the Dungeon
  3662 | D:5      | Noticed Duvessa
  3662 | D:5      | Noticed Dowan
  3676 | D:5      | Reached skill level 6 in Ranged Weapons
  3676 | D:5      | HP: 5/37 [Duvessa/+0 rapier (11)]
  3677 | D:5      | 3677 ||| DRINKING 2 potions of heal wounds.
  3684 | D:5      | HP: 6/37 [Duvessa/+0 rapier (13)]
  3685 | D:5      | 3685 ||| DRINKING potion of heal wounds.
  3688 | D:5      | Mangled by Duvessa

Levels and vault maps discovered:
D:1:      scummos_arrival_gate, layout_basic, columned_hall_lemuel, st_stairs_2,
          minmay_tetromino_t2
D:2:      layout_loops_ring, lightli_corner_chamber
D:3:      layout_loops_ring, mainiacjoe_overflow_tiny_flanked, slow_altar_2,
          marbit_many_paths, nicolae_overflow_hidden_temple
D:4:      layout_loops_ring, jmf_multi_god_temple, mainiacjoe_overflow_brackets
D:5:      layout_rooms, mainiacjoe_overflow_six_doors_small,
          fedhas_altar_fruit_tree, nicolae_sif_muna_condensation, uniq_duvessa,
          uniq_edmund

Skill      XL: |  1  2  3  4  5  6 |
---------------+-------------------+-----
Ranged Weapons | 3 4 5 6 |  6.1
Fighting       | 2 3 |  3.3
Armour         | 1 |  1.3
Dodging        | |  1.5
Spellcasting   | |  1.0
Hexes          | |  2.6

Action                     |  1- 3 |  4- 6 || total
---------------------------+-------+-------++-------
   Fire: Sling             |   120 |   286 ||   406
    Use: Scroll            |     5 |     8 ||    13
         Potion            |       |     7 ||     7
 Armour: Robe              |    19 |     5 ||    24
         Ring mail         |       |   105 ||   105
  Dodge: Dodged            |    33 |   102 ||   135

Table legend:
 A = Non-vault XP
 B = Vault XP
 C = Vault XP percentage of total XP
 D = Non-vault monster count
 E = Vault monster count
 F = Vault count percentage of total count
                 A         B        C        D         E       F
            +---------+---------+-------+---------+---------+-------
      Total |     516 |      29 |   5.3 |      85 |       8 |   8.6
            +---------+---------+-------+---------+---------+-------
        D:1 |      35 |       5 |  12.5 |      20 |       4 |  16.7
        D:2 |      66 |       0 |   0.0 |      21 |       0 |   0.0
        D:3 |      43 |      20 |  31.7 |      13 |       2 |  13.3
        D:4 |     333 |       4 |   1.2 |      30 |       2 |   6.2
        D:5 |      39 |       0 |   0.0 |       1 |       0 |   0.0
            +---------+---------+-------+---------+---------+-------
